Map: Chantier naval orbital

Players

Jonny - Winner!

  • Race: Zerg Zerg
  • League: Gold

Worming

  • Race: Zerg Zerg
  • League: Platinum

VOD

Have the link to the VOD?

Description

Time

  • Played on: Nov. 11, 2015, 2:59 p.m.
  • Length: 6:49
Show
View Real Time Build Order
Export as new Build Order

Jonny Zerg - Winner!

Build Orders: Hatch First, Zergling Baneling 

Get SALT Encoding   

  12  0:01  Drone  
  13  0:14  Overlord  
  13  0:17  Drone  
  14  0:32  Drone  
  14  0:33  Drone  
  16  0:36  Drone  
  17  0:52  Hatchery  
  17  0:55  Drone  
  17  0:58  Drone  
  18  1:09  Extractor  
  17  1:13  Spawning Pool  
  17  1:15  Drone  
  17  1:20  Drone  
  18  1:29  Drone  
  19  1:42  Overlord  
  19  1:52  Drone  
  20  2:00  Queen  
  22  2:03  Drone  
  22  2:04  Queen  
  22  2:05  Drone  
  26  2:13  Drone  
  27  2:17  Metabolic Boost, Extractor  
  26  2:26  Drone x3  
  29  2:34  Drone  
  30  2:46  Baneling Nest  
  30  2:47  Zergling x6  
  32  2:58  Zergling x4  
  34  3:13  Zergling x4, Overlord x3  
  36  3:35  Zergling x12  
  42  3:49  Zergling x12  
  42  3:50  Zergling x2  
  42  3:53  Baneling x3  
  42  3:54  Baneling x7  
  42  3:55  Baneling x3  
  44  4:18  Zergling x4  
  44  4:20  Zergling x2  
  44  4:21  Zergling x10  
  50  4:24  Zergling x2  
  50  4:25  Zergling x2  
  50  4:30  Baneling x4  
  50  4:36  Zergling x4  
  48  4:40  Zergling x4  
  44  4:55  Zergling x4  
  44  4:57  Baneling x2  
  44  4:58  Baneling x7  
  44  4:59  Baneling  
  46  5:03  Zergling x4  
  45  5:14  Zergling x6  
  45  5:15  Zergling x2  
  45  5:17  Zergling x2  
  43  5:28  Zergling x2  
  43  5:29  Zergling x6  
  45  5:36  Zergling x4  
  45  5:42  Lair  
  45  5:45  Drone  
  45  5:47  Drone  
  42  6:09  Zergling x8  
  42  6:10  Zergling x4  
  41  6:17  Drone x5  
  41  6:18  Drone  
  46  6:20  Extractor  
Show
View Real Time Build Order
Export as new Build Order

Worming Zerg 

Build Orders: Hatch First 

Get SALT Encoding   

  12  0:01  Drone  
  13  0:12  Overlord  
  13  0:17  Drone  
  14  0:30  Drone x2  
  14  0:34  Drone  
  17  0:53  Hatchery  
  17  0:55  Drone  
  17  1:01  Drone  
  17  1:02  Extractor  
  17  1:15  Spawning Pool  
  17  1:18  Drone  
  17  1:22  Drone  
  18  1:28  Drone  
  19  1:38  Drone  
  20  1:52  Overlord  
  20  2:01  Queen  
  20  2:04  Queen  
  20  2:05  Zergling x4  
  20  2:08  Metabolic Boost  
  26  2:27  Drone x4  
  30  2:30  Baneling Nest  
  30  2:33  Drone  
  30  2:46  Overlord  
  30  2:49  Drone x2  
  32  3:09  Zergling x4  
  32  3:10  Zergling x6  
  35  3:20  Drone x6, Roach Warren  
  35  3:26  Spine Crawler  
  39  3:31  Baneling x4  
  39  3:36  Extractor  
  39  3:37  Drone  
  39  3:38  Drone  
  39  3:40  Drone  
  41  3:44  Queen  
  43  3:57  Baneling x2  
  43  4:08  Overlord x3  
  38  4:17  Zergling x4, Roach  
  42  4:37  Drone x2  
  36  4:39  Roach x2  
  30  4:55  Roach  
  30  4:56  Roach x5  
  30  4:58  Queen  
  44  5:01  Roach  
  44  5:02  Roach x2  
  48  5:09  Roach  
  39  5:34  Roach  
  39  5:35  Roach x2  
  42  5:42  Drone  
  42  5:51  Drone  
  43  6:03  Drone  
  42  6:13  Drone  
  43  6:19  Drone  
  44  6:30  Drone  
  45  6:36  Drone  
Tags
 
Add a new tag
Caveats
  • Supply blocks, unpowered buildings, or Contaminate may cause inaccurate times.
  • Supply counts are checked every 10 seconds.